 Dungeon Crawl Stone Soup version 0.22-a0-181-gb22368a (webtiles) character file.

206 Amnesiac the Magician (level 5, -1/35 HPs)
             Began as a Mummy Earth Elementalist on Feb 14, 2018.
             Slain by Amnesiac's ghost (7 damage)
             ... on level 4 of the Dungeon.
             The game lasted 00:02:36 (910 turns).

Amnesiac the Magician (Mummy Earth Elementalist)     Turns: 910, Time: 00:02:37

Health: -1/35      AC:  2    Str: 11    XL:     5   Next: 53%
Magic:  5/11       EV: 12    Int: 15    God:
Gold:   25         SH:  0    Dex: 13    Spells: 9/12 levels left

rFire    x . .     SeeInvis .   e - +2 hand axe (freeze)
rCold    + . .     Gourm    .   (no shield)
rNeg     + + +     Faith    .   c - +0 robe
rPois    ∞         Spirit   .   (no helmet)
rElec    .         Reflect  .   (no cloak)
rCorr    .         Harm     .   (no gloves)
MR       .....                  (no boots)
Stlth    ++........             (no amulet)
HPRegen  0.11/turn              (no ring)
MPRegen  0.12/turn              (no ring)

@: very slightly contaminated
A: no food or potions, fire vulnerability, cold resistance 1, negative energy
resistance 3, torment resistance, unbreathing
a: no special abilities


You were on level 4 of the Dungeon.
You were not hungry.

You visited 2 branches of the dungeon, and saw 5 of its levels.

You collected 25 gold pieces.

Inventory:

Hand Weapons
 e - a +2 hand axe of freezing (weapon)
Missiles
 b - 58 stones
 f - 7 javelins (quivered)
 i - 58 sling bullets
Armour
 c - a +0 robe (worn)
Scrolls
 a - 2 scrolls of identify {!r, unknown}
 g - a scroll of magic mapping {!r, unknown}
 h - a scroll of amnesia {!r, unknown}
 j - a scroll of fog {!r, unknown}
 k - a scroll of enchant armour {!r, unknown}
Books
 d - a book of Geomancy

   Spells                             Type                      Level
   a - Sandblast                      Earth                        1
   b - Passwall                       Transmutation/Earth          2
   c - Stone Arrow                    Conjuration/Earth            3
   d - Petrify                        Transmutation/Earth          4
   e - Lee's Rapid Deconstruction     Earth                        5


   Skills:
 - Level 1.5 Dodging
 - Level 2.3 Stealth
 + Level 4.3 Spellcasting
 - Level 0.7 Transmutations
 * Level 4.3 Earth Magic


You had 9 spell levels left.
You knew the following spells:

 Your Spells              Type           Power        Failure   Level  Hunger
a - Sandblast             Erth           ###...       3%          1    N/A
b - Passwall              Tmut/Erth      ##........   10%         2    N/A

Dungeon Overview and Level Annotations

Branches:
Dungeon (4/15)             Temple (1/1) D:4

Altars:
Cheibriados
Elyvilon
Fedhas
Kikubaaqudgha
Okawaru
Ru
Xom
Zin
The Shining One

Shops:
D:4 =

Annotations:
D:4 Amnesiac's ghost, novice OpTm


Innate Abilities, Weirdness & Mutations

You do not eat or drink.
Your flesh is vulnerable to fire.
You are immune to poison.
Your flesh is cold resistant. (rC+)
You are immune to negative energy. (rN+++)
You are immune to unholy pain and torment.
You can survive without breathing.


Message History

Confirm with . or Enter, or press ? or * to list all spells.
Aiming: Sandblast (safe; 3% risk of failure)
Press: ? - help, Shift-Dir - straight line, f/p - Amnesiac's ghost
Aim: Amnesiac's ghost (lightly damaged)
You miscast Sandblast.
You are very lightly contaminated with residual magic.
Nothing appears to happen.
Amnesiac's ghost hits you.
A hound comes into view.
Casting: Sandblast (safe; 3% risk of failure)
Confirm with . or Enter, or press ? or * to list all spells.
Aiming: Sandblast (safe; 3% risk of failure)
Press: ? - help, Shift-Dir - straight line, f/p - Amnesiac's ghost
Aim: Amnesiac's ghost (lightly damaged)
The blast of sand hits Amnesiac's ghost.
Amnesiac's ghost is moderately damaged.
b - 62 stones Amnesiac's ghost hits you!
* * * LOW HITPOINT WARNING * * *
Casting: Sandblast (safe; 3% risk of failure)
Confirm with . or Enter, or press ? or * to list all spells.
Aiming: Sandblast (safe; 3% risk of failure)
Press: ? - help, Shift-Dir - straight line, f/p - Amnesiac's ghost
Aim: Amnesiac's ghost (moderately damaged)
The blast of sand misses Amnesiac's ghost.
The blast of sand hits the hound.
The hound is heavily wounded.
b - 61 stones Amnesiac's ghost hits you.
* * * LOW HITPOINT WARNING * * *
Casting: Sandblast (safe; 3% risk of failure)
Confirm with . or Enter, or press ? or * to list all spells.
Aiming: Sandblast (safe; 3% risk of failure)
Press: ? - help, Shift-Dir - straight line, f/p - Amnesiac's ghost
Aim: Amnesiac's ghost (moderately damaged)
The blast of sand misses Amnesiac's ghost.
b - 60 stones Amnesiac's ghost closely misses you.
The hound closely misses you. The hound completely misses you.
Amnesiac's ghost barely misses you. The hound bites you.
* * * LOW HITPOINT WARNING * * *
The hound closely misses you.
Unknown command.
Casting: Sandblast (safe; 3% risk of failure)
Confirm with . or Enter, or press ? or * to list all spells.
Aiming: Sandblast (safe; 3% risk of failure)
Press: ? - help, Shift-Dir - straight line, f/p - Amnesiac's ghost
Aim: Amnesiac's ghost (moderately damaged)
The blast of sand hits the hound.
The hound is severely wounded.
b - 59 stones The hound closely misses you.
The hound bites you but does no damage.
Unknown command.
Casting: Sandblast (safe; 3% risk of failure)
Confirm with . or Enter, or press ? or * to list all spells.
Aiming: Sandblast (safe; 3% risk of failure)
Press: ? - help, Shift-Dir - straight line, f/p - Amnesiac's ghost
Aim: Amnesiac's ghost (moderately damaged)
The blast of sand hits the hound.
You kill the hound!
b - 58 stones Unknown command.
Amnesiac's ghost hits you!
You die...

#.....#.#.#.......#
#..>.#.#)#.#..#####
#.....#.>.#...# #....#.#.#.#..#
#.....#.#.#...#
#......#.#....#####
#.[...............#
#.........†##W....########
#.........###.@...'.......
##'#........#.....#############
#........#......<∩..........
#........#.#....############
#........#.###### #######
#........#.###########......
#........'..†...........####
#........#.#######...#..####
##########.# .........†..


You could see Amnesiac's ghost.

Vanquished Creatures
  A phantom (D:4)
  A hound (D:4)
  An iguana (D:4)
  An orc wizard (D:4)
  An adder (D:4)
  An ooze (D:1)
  An adder skeleton (D:4)
  A dart slug (D:1)
  A leopard gecko (D:4)
  4 orcs (D:4)
  2 bats (D:1)
  2 giant cockroaches
  2 goblins (D:1)
  A hobgoblin (D:4)
  2 kobolds
  A frilled lizard (D:2)
23 creatures vanquished.

Notes
Turn   | Place    | Note
-------+----------+-------------------------------------------
     0 | D:1      | Amnesiac the Mummy Earth Elementalist began the quest for the Orb.
     0 | D:1      | Reached XP level 1. HP: 13/13 MP: 4/4
   167 | D:1      | Reached XP level 2. HP: 18/19 MP: 5/5
   176 | D:1      | Learned a level 2 spell: Passwall
   526 | D:4      | Found Qideinn's Jewellery Shop.
   558 | D:4      | Reached XP level 3. HP: 19/24 MP: 3/7
   609 | D:4      | Found a staircase to the Ecumenical Temple.
   611 | D:4      | Noticed a phantom
   621 | D:4      | Killed a phantom
   621 | D:4      | Reached XP level 4. HP: 20/30 MP: 3/9
   641 | Temple   | Entered the Ecumenical Temple
   749 | D:4      | Reached XP level 5. HP: 32/35 MP: 7/10
   884 | D:4      | Noticed Amnesiac's ghost (novice OpTm)
   910 | D:4      | Slain by Amnesiac's ghost

Vault maps used:
D:1:      sevenhm_arrival_forest_fort_large_4
D:2:      trog_book
D:3:      fiery_altar_vehumet, kennysheep_generic_room_3,
          uniq_crazy_yiuf_cottage
D:4:      kennysheep_mini, makhleb_blood_cavern_becter,
          minmay_temple_entry_grid, serial_shops, shop, supply_closet_lemuel
Temple:   kb_temple_of_zot

Skill      XL: |  1  2  3  4  5 |
---------------+----------------+-----
Earth Magic    | 3 4 |  4.3
Spellcasting   | 3 4 |  4.3
Stealth        | 2 |  2.3
Dodging        | |  1.5
Transmutations | |  0.7

Action                   |  1- 3 |  4- 6 || total
-------------------------+-------+-------++-------
Melee: Hand axe          |    14 |       ||    14
Throw: Javelin           |    19 |       ||    19
 Cast: Sandblast         |     6 |    23 ||    29
Armor: Robe              |     4 |     1 ||     5
Dodge: Dodged            |     8 |     7 ||    15

Table legend:
 A = Spawn XP
 B = Non-spawn XP
 C = Spawn XP percentage of total XP
 D = Spawn monster count
 E = Non-spawn monster count
 F = Spawn count percentage of total count
 G = Total turns spent on level
                    A         B        C        D         E        F      G
               +---------+---------+-------+---------+---------+-------+---------
         Total |       0 |     295 |   0.0 |       0 |      23 |   0.0 |   910
               +---------+---------+-------+---------+---------+-------+---------
           D:1 |       0 |      23 |   0.0 |       0 |       8 |   0.0 |   349
           D:2 |       0 |       3 |   0.0 |       0 |       2 |   0.0 |    58
           D:3 |       0 |       2 |   0.0 |       0 |       1 |   0.0 |    47
           D:4 |       0 |     267 |   0.0 |       0 |      12 |   0.0 |   350
               +---------+---------+-------+---------+---------+-------+---------
